 Dungeon Crawl Stone Soup version 0.30-a0-476-g330ca2eb8e (webtiles) character file.

Game seed: 15696023913740521919

3141 kae the Destroyer (level 9, -6/47 HPs)
             Began as a Tengu Fire Elementalist on Dec 21, 2022.
             Mangled by Duvessa
             ... wielding a +0 short sword
              (12 damage)
             ... on level 7 of the Dungeon.
             The game lasted 00:11:41 (8964 turns).

kae the Destroyer (Tengu Fire Elementalist)         Turns: 8964, Time: 00:11:41

Health: -6/47      AC:  9    Str:  9    XL:     9   Next: 93%
Magic:  6/18       EV: 15    Int: 19    God:
Gold:   409        SH:  0    Dex: 15    Spells: 0/18 levels left

rFire   . . .      SeeInvis .    e - +1 short sword (elec)
rCold   . . .      Faith    .    (no shield)
rNeg    . . .      Spirit   .    a - +0 robe
rPois   .          Reflect  .    (helmet restricted)
rElec   .          Harm     .    p - +2 cloak
rCorr   .          Rampage  .    (no gloves)
Will    .....                    (boots unavailable)
Stlth   ++........               (no amulet)
HPRegen 0.27/turn                O - +4 ring of protection
MPRegen 0.16/turn                (no ring)

@: about to teleport, flying quickly and evasively, quick
A: beak, talons 3, nimble flight
a: no special abilities


You were on level 7 of the Dungeon.
You visited 2 branches of the dungeon, and saw 8 of its levels.

You collected 409 gold pieces.


Innate Abilities, Weirdness & Mutations

You have a beak for a mouth.
You have claws for feet.
Your magical nature lets you fly swiftly and evasively.


   Skills:
 + Level 1.1 Fighting
 + Level 2.7 Dodging
 - Level 2.0 Stealth
 + Level 5.4 Spellcasting
 * Level 10.4 Conjurations
 - Level 3.1 Hexes
 * Level 9.3 Fire Magic
 + Level 1.2 Air Magic


You couldn't memorise any spells.
You knew the following spells:

 Your Spells              Type           Power      Damage    Failure   Level
a - Foxfire               Conj/Fire      100%       2x1d9     1%          1
b - Scorch                Fire           80%        2d9       1%          2
c - Inner Flame           Hex/Fire       28%        N/A       2%          3
d - Flame Wave            Conj/Fire      42%        2d11      1%          4
e - Kindle Blastsparks    Fire/Tloc/Air  36%        2d13      9%          3
f - Blink                 Tloc           10%        N/A       19%         2
g - Swiftness             Air            9%         N/A       22%         3

Your spell library contained the following spells:

 Spells                   Type           Power      Damage    Failure   Level
 Kiss of Death            Conj/Necr      100%       2d13      1%          1
 Shock                    Conj/Air       100%       1d9       1%          1
 Momentum Strike          Conj/Tloc      50%        3d9       1%          2
 Mephitic Cloud           Conj/Pois/Air  20%        N/A       7%          3
 Confusing Touch          Hex            17%        N/A       10%         3
 Sting                    Tmut/Pois      20%        1d4       12%         1
 Poisonous Vapours        Pois/Air       14%        N/A       14%         2
 Cigotuvi's Dreadful Rot  Necr/Pois/Air  12%        N/A       16%         2
 Sublimation of Blood     Necr           5%         N/A       19%         2
 Wereblood                Tmut           5%         N/A       19%         2
 Lesser Beckoning         Tloc           10%        N/A       34%         3
 Airstrike                Air            4%         2d(1-17)  56%         4
 Dispel Undead            Necr           5%         3d7       75%         4
 Olgreb's Toxic Radiance  Pois           5%         N/A       75%         4
 Summon Hydra             Summ           2%         N/A       100%        7

Inventory:

Hand Weapons
 e - a +1 short sword of electrocution (weapon)
   (You took it off a kobold on level 1 of the Dungeon)
Missiles
 d - 20 boomerangs
 j - 115 stones
 n - 13 poisoned darts
 v - 12 throwing nets {=f!f}
Armour
 a - a +0 robe (worn)
 p - a +2 cloak (worn)
   (You found it on level 3 of the Dungeon)
 s - a +0 pair of gloves
   (You found it on level 4 of the Dungeon)
Jewellery
 I - a +6 ring of intelligence
   (You found it on level 6 of the Dungeon)
 O - a +4 ring of protection (left hand)
   (You found it on level 1 of the Dungeon)
Wands
 o - a wand of roots (9)
   (You took it off Natasha on level 4 of the Dungeon)
 y - a wand of flame (13)
   (You found it on level 5 of the Dungeon)
Scrolls
 m - a scroll of butterflies
 q - a scroll of fear
 r - a scroll of magic mapping {!r}
 t - 2 scrolls of enchant armour
 w - a scroll of identify {@r1}
 x - 2 scrolls of enchant weapon
 A - a scroll of immolation {!r!r}
Potions
 b - a potion of magic
 c - 3 potions of curing {@q1}
 f - 2 potions of heal wounds {unknown}
 g - 3 potions of resistance
 h - a potion of invisibility {unknown}
 i - a potion of haste {@q3}
 k - 3 potions of lignification {unknown}
 l - 3 potions of might
 u - a potion of mutation {!q}
 z - a potion of flight {unknown}

Dungeon Overview and Level Annotations

Branches:
Dungeon (7/15) Zot: 25716  Temple (1/1) D:4 Zot: 5984

Altars:
Ashenzari
Cheibriados
Dithmenos
Elyvilon
Fedhas
Gozag
Hepliaklqana
Kikubaaqudgha
Okawaru
Qazlal
Ru
Sif Muna
Trog
Uskayaw
Wu Jian
Xom
Yredelemnul
Zin
The Shining One

Shops:
D:3 [

Annotations:
D:2 1 runed translucent door, Crazy Yiuf
D:6 exclusion: steam dragon
D:7 Duvessa

#...#
#.....#.#.#.#.##
#######.............#
...........###.#####
######.........#
##.#.###### #.#.#
#°#.# #####e#.#
#....@#.# #.##..#.#
#.##..#.# #.##..#.#
#.##..#.# #.#####.#
#.......# #########


You could see Duvessa (berserk, inner flame, combustible).


Message History

Casting: Scorch (safe; 1% risk of failure)
Confirm with . or Enter, or press ? or * to list all spells.
A cloud of volatile blastsparks flares up around you! 😎 MP[-3]
You lost 3 mp, and now have 15/18 mp.
You start resting. 😎 MP[+3]
Your mp is fully restored (18).
What are your orders? t - Shout!
Orders for allies: a - Attack new target. r - Retreat! s - Stop attacking. g - Guard the area. f - Follow me.
Anything else - Cancel.
You shout for attention!
You start waiting.
Done waiting.
A white imp comes into view.
A white imp is nearby!
Casting: Kindle Blastsparks (dangerous; 9% risk of failure)
Confirm with . or Enter, or press ? or * to list all spells.
Flames lash the white imp.
The white imp is burned terribly!
You kill the white imp! 😎 MP[-2]
You lost 2 mp, and now have 16/18 mp.
Casting: Scorch (safe; 1% risk of failure)
Confirm with . or Enter, or press ? or * to list all spells.
You can't see any susceptible monsters within range! (Use Z to cast anyway.) Duvessa is nearby! 😎 MP[+1] Duvessa is nearby!
Casting: Scorch (safe; 1% risk of failure)
Confirm with . or Enter, or press ? or * to list all spells.
Okay, then.
Duvessa goes berserk!
Duvessa rages.
Casting: Scorch (safe; 1% risk of failure)
Confirm with . or Enter, or press ? or * to list all spells.
A cloud of volatile blastsparks flares up around you! 😎 MP[-3]
You lost 3 mp, and now have 14/18 mp. 😎 MP[+1]
Casting: Kindle Blastsparks (dangerous; 9% risk of failure)
Confirm with . or Enter, or press ? or * to list all spells.
A cloud of volatile blastsparks flares up around you! 😎 MP[-3]
You lost 3 mp, and now have 12/18 mp.
Casting: Kindle Blastsparks (dangerous; 9% risk of failure)
Confirm with . or Enter, or press ? or * to list all spells.
Aiming: Inner Flame (dangerous; 2% risk of failure)
Press: ? - help, Dir - move target, f - Duvessa
Aim: Duvessa, wielding a +0 short sword and wearing a +0 chain mail of fire resistance (berserk, chance to affect: 69%) Duvessa is filled with an inner flame.
The cloud of blastsparks explodes!
The concussive blast engulfs Duvessa.
Duvessa resists.
Flame seeps out of Duvessa.
The cloud of blastsparks explodes!
The concussive blast engulfs Duvessa but does no damage.
The concussive blast engulfs you!
You are knocked back by the blast.
Duvessa is knocked back by the blast. 😮 HP[-14] MP[-3]
You take 14 damage, and now have 33/47 hp.
MASSIVE DAMAGE!! (PAUSE)
You lost 3 mp, and now have 9/18 mp.
Casting: Inner Flame (dangerous; 2% risk of failure)
Confirm with . or Enter, or press ? or * to list all spells.
Flames lash Duvessa.
Duvessa resists.
Flame seeps out of Duvessa.
Duvessa's fire resistance burns away.
Duvessa is engulfed in blazing flames.
Flame seeps out of Duvessa.
Duvessa rages.
Duvessa hits you with a +0 short sword!
* * * LOW HITPOINT WARNING * * *
😨 HP[-11] MP[-2]
You take 11 damage, and now have 22/47 hp.
MASSIVE DAMAGE!! (PAUSE)
You lost 2 mp, and now have 7/18 mp.
Okay, then.
As you read the scroll of teleportation {@r4}, it crumbles to dust.
You feel strangely unstable.
Duvessa closely misses you. 😨 HP[+1] MP[+1] Unknown command.
Casting: Scorch (safe; 1% risk of failure)
Confirm with . or Enter, or press ? or * to list all spells.
Flames lash Duvessa.
Flame seeps out of Duvessa.
Duvessa is engulfed in blazing flames.
Flame seeps out of Duvessa.
Duvessa hits you with a +0 short sword!
* * * LOW HITPOINT WARNING * * *
Duvessa is engulfed in blazing flames.
Flame seeps out of Duvessa.
Duvessa hits you with a +0 short sword!
* * * LOW HITPOINT WARNING * * *
Duvessa is engulfed in blazing flames.
Flame seeps out of Duvessa.
Duvessa completely misses you. 😱 HP[-17] MP[-2]
You take 17 damage, and now have 6/47 hp.
MASSIVE DAMAGE!! (PAUSE)
You lost 2 mp, and now have 6/18 mp.
Okay, then.
Duvessa is engulfed in blazing flames.
Flame seeps out of Duvessa.
Duvessa hits you with a +0 short sword!
You die...

Skill      XL: |  1  2  3  4  5  6  7  8  9 |
---------------+----------------------------+-----
Conjurations   | 2 3 4 5 7 8 10 | 10.4
Fire Magic     | 4 5 6 8 9 |  9.3
Spellcasting   | 3 4 5 |  5.4
Hexes          | 1 2 3 |  3.1
Fighting       | 1 |  1.1
Air Magic      | 1 |  1.2
Dodging        | |  2.7
Stealth        | |  2.0

Action                   |  1- 3 |  4- 6 |  7- 9 || total
-------------------------+-------+-------+-------++-------
Melee: Short sword       |     9 |       |     1 ||    10
       Kick              |     2 |       |     1 ||     3
 Cast: Foxfire           |    58 |    82 |   185 ||   325
       Scorch            |     4 |    13 |    63 ||    80
       Inner Flame       |       |     1 |    17 ||    18
       Kindle Blastspark |       |       |     7 ||     7
       Flame Wave        |       |       |     2 ||     2
  Use: Scroll            |     2 |     4 |    13 ||    19
       Potion            |       |       |     2 ||     2
Armor: Robe              |    14 |    18 |    25 ||    57
Dodge: Dodged            |    26 |    14 |   109 ||   149

Levels and vault maps discovered:
D:1:      dpeg_arrival_erosion, layout_basic, corner_web_ring
D:2:      layout_loops_ring, basic_ecumenical_altar, kennysheep_generic_room_12,
          uniq_crazy_yiuf_cottage
D:3:      minmay_octagon_keep, layout_rooms, minitemple, serial_shops, shop
D:4:      layout_cave_pools, mainiacjoe_overflow_two_lobes,
          minmay_temple_entry_poolview, uniq_natasha
D:5:      layout_cave_pools, serial_gnoll_camp, gnoll_camp_mini_house,
          gnoll_camp_huts_moat, gnoll_camp_mini_hut, gnoll_camp_medium_01
D:6:      layout_loops_ring, minmay_fountain_box, kennysheep_generic_room_8,
          uniq_menkaure
D:7:      layout_basic, st_stairs_2, hangedman_decor_slide_cut,
          grunt_ministairs_4, uniq_duvessa
Temple:   minmay_freezing_vapour_temple

Notes
Turn   | Place    | Note
-------+----------+-------------------------------------------
     0 | D:1      | kae the Tengu Fire Elementalist began the quest for the
                  | Orb.
     0 | D:1      | Reached XP level 1. HP: 10/10 MP: 4/4
     0 | D:1      | magus.rc [v1.11.3]
   630 | D:1      | Reached skill level 2 in Conjurations
   630 | D:1      | Reached XP level 2. HP: 15/15 MP: 4/6
   678 | D:2      | Reached XP level 3. HP: 19/19 MP: 3/7
   681 | D:2      | Learned a level 2 spell: Scorch
   685 | D:2      | Learned a level 3 spell: Inner Flame
  1100 | D:2      | Reached skill level 4 in Fire Magic
  1330 | D:2      | Reached skill level 3 in Conjurations
  1443 | D:2      | Found a faded altar of an unknown god.
  1471 | D:2      | Reached XP level 4. HP: 23/24 MP: 0/8
  1546 | D:2      | You pick up a book of Vapours and begin reading...
  1546 | D:2      | You add the spells Poisonous Vapours, Cigotuvi's Dreadful
                  | Rot and Mephitic Cloud to your library.
  1613 | D:2      | Found a runed translucent door.
  1614 | D:2      | Noticed Crazy Yiuf
  2120 | D:3      | Found Ypujuz's Armour Shop.
  2132 | D:3      | You pick up a book of Spatial Translocations and begin
                  | reading...
  2132 | D:3      | You add the spells Blink, Momentum Strike and Lesser
                  | Beckoning to your library.
  2563 | D:3      | Found a basalt altar of Yredelemnul.
  2569 | D:3      | Found a hazy altar of Hepliaklqana.
  2724 | D:4      | Reached skill level 4 in Conjurations
  2724 | D:4      | Gained mutation: Your magical nature lets you fly swiftly
                  | and evasively. [Tengu growth]
  2724 | D:4      | Reached XP level 5. HP: 28/28 MP: 5/10
  3021 | D:4      | Found a staircase to the Ecumenical Temple.
  3031 | Temple   | Entered the Ecumenical Temple
  3111 | D:4      | Found a shimmering blue altar of Sif Muna.
  3137 | D:4      | Noticed a phantom
  3138 | D:4      | Found a glowing silver altar of Zin.
  3152 | D:4      | Killed a phantom
  3153 | D:4      | Reached skill level 3 in Spellcasting
  3153 | D:4      | Reached skill level 5 in Fire Magic
  3153 | D:4      | Reached XP level 6. HP: 28/32 MP: 2/11
  3274 | D:4      | Reached skill level 5 in Conjurations
  3339 | D:4      | You pick up a book of Touch and begin reading...
  3339 | D:4      | You add the spells Kiss of Death, Confusing Touch and
                  | Dispel Undead to your library.
  3364 | D:4      | Noticed Natasha
  3371 | D:4      | Learned a level 4 spell: Flame Wave
  3374 | D:4      | Killed Natasha
  3729 | D:5      | Entered Level 5 of the Dungeon
  3750 | D:5      | Reached XP level 7. HP: 36/36 MP: 7/13
  3754 | D:5      | Reached skill level 6 in Conjurations
  3865 | D:5      | Reached skill level 6 in Fire Magic
  4022 | D:5      | Reached skill level 1 in Hexes
  4220 | D:5      | Reached skill level 7 in Conjurations
  4422 | D:4      | Reached XP level 8. HP: 26/41 MP: 7/14
  4459 | D:4      | Noticed Natasha
  4463 | D:4      | Killed Natasha
  4490 | D:4      | Noticed Natasha
  4495 | D:4      | Killed Natasha
  4734 | D:5      | HP: 9/41 [poisoned by a gnoll sergeant]
  4866 | D:5      | Reached skill level 4 in Spellcasting
  4866 | D:5      | Reached skill level 7 in Fire Magic
  5483 | D:5      | Reached skill level 8 in Conjurations
  5486 | D:5      | Reached skill level 2 in Hexes
  6309 | D:6      | Learned a level 3 spell: Kindle Blastsparks
  6338 | D:6      | Reached skill level 8 in Fire Magic
  6338 | D:6      | Reached XP level 9. HP: 45/45 MP: 5/16
  6341 | D:6      | Reached skill level 9 in Conjurations
  7376 | D:6      | Noticed Menkaure
  7394 | D:6      | Killed Menkaure
  7395 | D:6      | Reached skill level 5 in Spellcasting
  7653 | D:6      | HP: 8/45 [poisoned by a water moccasin]
  7775 | D:7      | Reached skill level 3 in Hexes
  7986 | D:7      | Reached skill level 10 in Conjurations
  7988 | D:7      | Reached skill level 9 in Fire Magic
  8008 | D:7      | Learned a level 2 spell: Blink
  8284 | D:7      | Noticed Dowan
  8324 | D:7      | Killed Dowan
  8366 | D:7      | You pick up a book of Blood and begin reading...
  8366 | D:7      | You add the spells Sublimation of Blood, Wereblood and
                  | Summon Hydra to your library.
  8368 | D:7      | You pick up a book of Air and begin reading...
  8368 | D:7      | You add the spells Shock, Swiftness and Airstrike to your
                  | library.
  8373 | D:7      | Learned a level 3 spell: Swiftness
  8592 | D:7      | Reached skill level 1 in Fighting
  8592 | D:7      | Reached skill level 1 in Air Magic
  8696 | D:7      | You add the spells Sting and Olgreb's Toxic Radiance to
                  | your library.
  8798 | D:7      | Noticed Duvessa
  8962 | D:7      | HP: 6/47 [Duvessa/+0 short sword (9)]
  8964 | D:7      | Mangled by Duvessa

Vanquished Creatures
  Menkaure (D:6)
  2 water moccasins
  An orc warrior (D:7)
  A sky beast (D:6)
  An ogre (D:5)
  A centaur (D:7)
  A phantom (D:4)
  4 bullfrogs (D:7)
  4 scorpions
  3 necrophages
  3 gnoll sergeants (D:5)
  5 wights (D:6)
  Dowan (D:7)
  10 hounds
  2 jellies
  4 gnoll boudas
  3 iguanas
  2 orc wizards
  Natasha (thrice) (D:4)
  33 gnolls
  14 adders
  4 white imps
  An ufetubus (D:5)
  A dart slug (D:2)
  9 orcs
  6 bats
  7 endoplasms
  A giant cockroach (D:1)
  6 hobgoblins
  3 jackals (D:5)
  2 quokkas
  6 ball pythons
  3 frilled lizards
  7 goblins
  9 kobolds
  A rat (D:2)
165 creatures vanquished.

Vanquished Creatures (others)
  540 foxfires
540 creatures vanquished.

Grand Total: 705 creatures vanquished

Table legend:
 A = Non-vault XP
 B = Vault XP
 C = Vault XP percentage of total XP
 D = Non-vault monster count
 E = Vault monster count
 F = Vault count percentage of total count
                 A         B        C        D         E       F
            +---------+---------+-------+---------+---------+-------
      Total |    2751 |    1737 |  38.7 |     103 |      62 |  37.6
            +---------+---------+-------+---------+---------+-------
        D:1 |      25 |       0 |   0.0 |       8 |       0 |   0.0
        D:2 |      68 |       2 |   2.9 |      21 |       1 |   4.5
        D:3 |      12 |      28 |  70.0 |       6 |       9 |  60.0
        D:4 |     495 |      72 |  12.7 |      24 |       2 |   7.7
        D:5 |     496 |     939 |  65.4 |      13 |      38 |  74.5
        D:6 |     982 |     212 |  17.8 |      19 |       2 |   9.5
        D:7 |     673 |     484 |  41.8 |      12 |      10 |  45.5
            +---------+---------+-------+---------+---------+-------

Illustrated notes

Table legend:
 A = Kills in this place as a percentage of kills in entire the game.
 B = Kills by you in this place as a percentage of kills by you in the entire game.
 C = Kills by friends in this place as a percentage of kills by friends in the entire game.
 D = Other kills in this place as a percentage of other kills in the entire game.
 E = Experience gained in this place as a percentage of experience gained in the entire game.
 F = Experience gained in this place divided by the number of levels of this place that you have seen.
                   A       B       C       D       E      F
               +-------+-------+-------+-------+-------+----------------------
         Total | 100.0 | 100.0 |   N/A |   N/A | 100.0 | 561.0
       Dungeon | 100.0 | 100.0 |   N/A |   N/A | 100.0 | 641.1
               +-------+-------+-------+-------+-------+----------------------

Table legend: (Time is in decaauts)
 A = Elapsed time spent in this place.
 B = Non-inter-level travel time spent in this place.
 C = Inter-level travel time spent in this place.
 D = Time resting spent in this place.
 E = Time spent auto-exploring this place.
 F = Levels seen in this place.
 G = Mean time per level.
                   A        B        C        D        E       F      G
               +--------+--------+--------+--------+--------+-----+--------+
         Total |   8707 |   8445 |    262 |    764 |   6264 |   8 | 1088.4 |
       Dungeon |   8691 |   8432 |    259 |    764 |   6254 |   7 | 1241.6 |
        Temple |     15 |     13 |      2 |      0 |      9 |   1 |   15.0 |
               +--------+--------+--------+--------+--------+-----+--------+

Top non-repeatable levels by time:
     D:5: 1976 daAuts
     D:4: 1596 daAuts
     D:6: 1345 daAuts
     D:2: 1317 daAuts
     D:7: 1160 daAuts
     D:1: 665 daAuts
     D:3: 629 daAuts
  Temple: 15 daAuts
